 Dungeon Crawl Stone Soup version 0.16-a0-4115-ga5ed934 (webtiles) character file.

263 timbw the Cutter (level 5, -2/31 HPs)
             Began as a High Elf Enchanter on Mar 1, 2015.
             Was an Initiate of Dithmenos.
             Slain by a gnoll
             ... wielding a cursed -1 spear
              (8 damage)
             ... on level 7 of the Dungeon.
             The game lasted 00:07:06 (1162 turns).

timbw the Cutter (High Elf Enchanter)               Turns: 1162, Time: 00:07:06

Health: -2/31      AC:  4    Str:  7    XL:     5   Next: 98%
Magic:  7/12       EV: 13    Int: 18    God:    Dithmenos [......]
Gold:   188        SH:  0    Dex: 17    Spells: 3 memorised, 2 levels left

rFire  . . .     SeeInvis .     a - +1 dagger
rCold  + . .     Clarity  .     b - +1 robe
rNeg   . . .     SustAb   .     (no shield)
rPois  .         Gourm    .     n - +0 helmet
rElec  .         Spirit   .     (no cloak)
rCorr  .         Warding  .     (no gloves)
rMut   .         Stasis   .     (no boots)
MR     .....                    (no amulet)
Stlth  +++.......               (no ring)
                                y - ring of protection from cold

@: very slightly contaminated, hasted, very quick, not resistant to hostile
enchantments, fairly stealthy
A: no striking features
a: Renounce Religion


You were on level 7 of the Dungeon.
You worshipped Dithmenos.
Dithmenos was noncommittal.
You were not hungry.

You visited 1 branch of the dungeon, and saw 7 of its levels.

You collected 188 gold pieces.

Inventory:

Hand weapons
 a - a +1 dagger (weapon)
 g - a +2 spear of venom
Missiles
 j - 19 poisoned needles
 x - 3 tomahawks (quivered)
 A - 5 steel tomahawks
Armour
 b - a +1 robe (worn)
 n - a +0 helmet (worn)
Jewellery
 y - a ring of protection from cold (left hand)
Scrolls
 h - a scroll of remove curse {unknown}
 k - a scroll of immolation {unknown}
 l - 2 scrolls of identify {unknown}
 p - a scroll of recharging {unknown}
 q - a scroll of magic mapping {unknown}
 v - a scroll of teleportation {unknown}
Potions
 e - a potion of degeneration {unknown}
 f - 2 potions of haste
 o - 2 potions of ambrosia {unknown}
 r - a potion of flight {unknown}
 s - a potion of heal wounds {unknown}
 t - 2 potions of curing {unknown}
 u - a potion of berserk rage {unknown}
Books
 c - a book of Maledictions

   Spells                             Type                      Level
   a - Corona                         Hexes                        1
   b - Sure Blade                     Hexes/Charms                 2
   c - Ensorcelled Hibernation        Hexes/Ice                    2
   d - Confuse                        Hexes                        3
   e - Dazzling Spray                 Conjuration/Hexes            3
   f - Enslavement                    Hexes                        4
Comestibles
 d - 4 bread rations
 i - a meat ration
 m - a chunk of flesh
 w - a royal jelly
 z - a slice of pizza


   Skills:
 * Level 5.1 Short Blades
 - Level 2.1 Dodging
 * Level 5.0 Stealth
 - Level 2.4 Spellcasting
 * Level 4.0 Hexes


You had 2 spell levels left.
You knew the following spells:

 Your Spells              Type           Power        Failure   Level  Hunger
a - Corona                Hex            ###....      3%          1    #......
b - Ensorcelled Hibernat  Hex/Ice        #.....       12%         2    ##.....
c - Dazzling Spray        Conj/Hex       #.......     24%         3    ###....


Dungeon Overview and Level Annotations

Branches:
Dungeon (7/15)
 Temple: D:4-7

Altars:
Dithmenos
Gozag
Qazlal
The Shining One


Message History

Casting: Ensorcelled Hibernation
Confirm with . or Enter, or press ? or * to list all spells.
Aiming: Ensorcelled Hibernation
Press: ? - help, Shift-Dir - straight line, f/p - gnoll
Aim: a gnoll, wielding a whip of electrocution (chance 50%)
The gnoll resists with some effort.
The gnoll hits you with a whip of electrocution.
* * * LOW HITPOINT WARNING * * *
Found a scroll labeled JEOPAOKLOK.
Drink which item? (? for menu, Esc to quit)
It was a potion of haste.
You feel yourself speed up. The gnoll misses you.
You are very lightly contaminated with residual magic.
Casting: Ensorcelled Hibernation
Confirm with . or Enter, or press ? or * to list all spells.
Aiming: Ensorcelled Hibernation
Press: ? - help, Shift-Dir - straight line, f/p - gnoll
Aim: a gnoll, wielding a whip of electrocution (chance 50%)
The gnoll looks drowsy...
The gnoll hits you from afar with an enchanted spear!
You die...

.. #. ##?.
...# ..# #.##
#..#
##@#########
##gg..$...##
#...g......$
#g...........
#........%...#
##..........#
#.........##
#........##
##......##


You could see 3 gnolls.

Vanquished Creatures
  An ogre (D:5)
  A necrophage (D:6)
  A hound (D:4)
  3 adders
  2 worms (D:2)
  An adder skeleton (D:4)
  A giant gecko (D:4)
  2 ball pythons
  A bat (D:2)
  A giant cockroach (D:4)
  6 goblins
  2 hobgoblins
  2 jackals (D:2)
  A quokka (D:6)
  3 giant newts
  A jackal skeleton (D:4)
  5 kobolds
  2 rats (D:2)
36 creatures vanquished.

Notes
Turn   | Place    | Note
--------------------------------------------------------------
     0 | D:1      | timbw, the High Elf Enchanter, began the quest for the Orb.
     0 | D:1      | Reached XP level 1. HP: 11/11 MP: 4/4
   162 | D:2      | Reached XP level 2. HP: 13/17 MP: 6/6
   212 | D:2      | Learned a level 2 spell: Ensorcelled Hibernation
   269 | D:2      | Found a glowing golden altar of the Shining One.
   352 | D:2      | Reached XP level 3. HP: 21/21 MP: 8/8
   363 | D:2      | Found an opulent altar of Gozag.
   546 | D:4      | Found a shadowy altar of Dithmenos.
   596 | D:4      | Became a worshipper of Dithmenos the Shadowed
   644 | D:4      | Reached skill level 4 in Short Blades
   644 | D:4      | Reached XP level 4. HP: 21/27 MP: 8/11
   658 | D:4      | Noticed an ogre
   776 | D:5      | Entered Level 5 of the Dungeon
   819 | D:5      | Noticed an ogre
   825 | D:5      | Learned a level 3 spell: Dazzling Spray
   862 | D:5      | Killed an ogre
   862 | D:5      | Reached XP level 5. HP: 26/31 MP: 12/12
   945 | D:6      | Noticed a necrophage
   950 | D:6      | Killed a necrophage
   950 | D:6      | Reached skill level 5 in Short Blades
   950 | D:6      | Reached skill level 5 in Stealth
   982 | D:6      | Noticed a hill giant
  1043 | D:7      | Found a stormy altar of Qazlal.
  1162 | D:7      | Slain by a gnoll

Action                   |  1- 3 |  4- 6 || total
-------------------------+-------+-------++-------
Melee: Dagger            |    60 |    16 ||    76
       Spear             |     7 |       ||     7
 Cast: Corona            |     3 |       ||     3
       Ensorcelled Hiber |    10 |    17 ||    27
  Use: Potion            |       |     1 ||     1
 Stab: Sleeping          |    14 |     9 ||    23
  Eat: Bread ration      |       |     1 ||     1
